Map: Rhoskallian LE

Players

LiBaU

  • Race: Zerg Zerg
  • Spawn Location: 11:00

Гаджет

  • Race: Terran Terran
  • League: Master
  • Spawn Location: 12:00

Ekelpack - Winner!

  • Race: Zerg Zerg
  • Spawn Location: 6:00

Nyck - Winner!

  • Race: Terran Terran
  • Spawn Location: 5:00

VOD

Have the link to the VOD?

Description

Time

  • Played on: Feb. 11, 2025, 1:49 p.m.
  • Length: 11:30
Show
View Real Time Build Order
Export as new Build Order

LiBaU Zerg 

Build Orders: Hatch First 

Get SALT Encoding   

  12  0:02  Drone  
  13  0:13  Drone  
  14  0:34  Overlord  
  14  0:37  Overlord  
  14  0:44  Drone, Extractor  
  14  0:55  Drone  
  15  1:07  Drone  
  16  1:14  Drone  
  16  1:16  Hatchery  
  16  1:27  Spawning Pool  
  15  1:38  Drone  
  16  1:50  Drone x2  
  16  1:53  Drone  
  19  2:03  Drone  
  20  2:20  Lair  
  20  2:21  Drone  
  21  2:31  Drone x2  
  21  3:15  Spore Crawler  
  21  3:16  Drone x5  
  21  3:17  Drone  
  21  3:19  Queen  
  28  3:35  Spire  
  28  3:40  Extractor  
  26  3:43  Extractor  
  26  3:46  Drone x2  
  26  3:47  Zergling x4  
  29  3:55  Queen  
  31  4:02  Drone x3  
  34  4:09  Drone  
  35  4:31  Drone  
  36  4:43  Overlord  
  36  4:44  Overlord x2  
  36  5:01  Mutalisk x2  
  36  5:02  Mutalisk x2  
  44  5:12  Mutalisk  
  46  5:24  Mutalisk  
  48  6:21  Mutalisk x2  
  48  6:22  Mutalisk x2  
  56  7:04  Mutalisk x2  
  56  7:06  Overlord x3  
  50  7:41  Mutalisk x4  
  50  7:42  Mutalisk  
  56  8:01  Mutalisk  
  46  8:52  Mutalisk x4  
  46  8:53  Mutalisk  
  46  9:15  Zerg Flyer Weapons Level 1  
  46  9:27  Drone x3  
  46  9:28  Drone  
  46  9:31  Mutalisk  
  52  9:45  Extractor  
  49  10:24  Mutalisk x2  
  49  10:25  Mutalisk x2  
  57  10:31  Zergling x8  
  57  10:32  Zergling x4  
  63  10:48  Mutalisk x2  
  67  10:52  Zergling x6  
Show
View Real Time Build Order
Export as new Build Order

Гаджет Terran 

Build Orders:  

Get SALT Encoding   

  12  0:00  SCV  
  13  0:12  SCV  
  14  0:19  Supply Depot  
  14  0:25  SCV  
  15  0:40  SCV  
  16  0:43  Barracks  
  16  0:46  Refinery  
  16  0:52  SCV  
  17  1:04  SCV  
  18  1:17  SCV  
  19  1:32  Orbital Command, Barracks Reactor  
  19  1:40  Supply Depot  
  19  1:45  Refinery  
  19  2:01  SCV  
  19  2:07  Engineering Bay  
  20  2:11  Reaper x2  
  20  2:13  SCV  
  23  2:26  SCV  
  24  2:38  SCV  
  24  2:43  Reaper x2  
  27  2:50  SCV  
  27  3:11  Supply Depot  
  27  3:14  Factory  
  27  3:15  Reaper x2  
  29  3:47  Reaper x2  
  31  4:01  Factory Reactor  
  30  4:05  Supply Depot  
  30  4:06  Starport  
  30  4:16  Terran Infantry Weapons Level 1  
  30  4:18  SCV  
  31  4:26  Command Center  
  31  4:30  SCV  
  32  4:34  Supply Depot  
  32  4:42  SCV  
  32  4:54  SCV  
  33  5:06  SCV  
  34  5:17  Factory Reactor  
  34  5:18  SCV  
  34  5:20  Barracks  
  35  5:23  Barracks, Medivac  
  35  5:24  Medivac  
  35  5:25  Marine  
  35  5:26  Marine  
  41  5:30  SCV  
  43  5:42  SCV  
  43  5:43  Marine x2  
  45  6:00  Orbital Command, Refinery  
  45  6:08  Viking x2  
  45  6:10  Terran Infantry Armor Level 1  
  49  6:14  Widow Mine  
  50  6:18  Refinery  
  50  6:20  SCV  
  50  6:24  Missile Turret  
  48  6:30  Marine x2  
  48  6:31  Missile Turret  
  48  6:32  SCV  
  51  6:33  Missile Turret  
  51  6:37  Barracks Tech Lab, Barracks Reactor  
  51  6:38  Viking x2  
  55  6:48  Marine x2  
  57  6:58  Marauder  
  59  7:06  Marine  
  59  7:08  Viking x2  
  64  7:09  Supply Depot  
  64  7:11  Supply Depot  
  64  7:15  SCV x2  
  56  7:27  SCV x2  
  58  7:39  SCV x2  
  61  7:51  SCV x2  
  61  7:52  Missile Turret  
  61  7:56  Missile Turret  
  62  8:03  SCV x2  
  64  8:09  Marine, Marauder  
  67  8:14  Missile Turret  
  67  8:15  SCV x2  
  69  8:22  Marine x2  
  69  8:23  Marine  
  72  8:27  Marine  
  72  8:28  Viking x2  
  72  8:30  Marine  
  78  8:45  Combat Shield  
  78  8:59  Marine x2  
  78  9:00  Marine x2, Marauder  
  84  9:17  Marine  
  84  9:18  Armory  
  84  9:22  SCV  
  86  9:33  Supply Depot  
  86  9:35  Supply Depot x2  
  86  9:36  Command Center  
  86  9:49  Marine  
  86  9:51  SCV, Marine  
  86  10:13  SCV, Missile Turret  
  86  10:15  Marine  
  86  10:16  Missile Turret  
  86  10:48  SCV x2, Marine x2, Marauder, Viking x2  
  96  10:51  Supply Depot  
  96  10:52  Supply Depot  
  96  11:00  SCV x2  
  89  11:12  SCV x2  
Show
View Real Time Build Order
Export as new Build Order

Ekelpack Zerg - Winner!

Build Orders: Hatch First 

Get SALT Encoding   

  12  0:00  Drone  
  13  0:12  Overlord  
  13  0:18  Drone  
  14  0:31  Drone x2  
  16  0:37  Drone  
  17  0:45  Drone  
  18  0:58  Drone  
  18  1:01  Extractor  
  18  1:02  Hatchery  
  17  1:13  Spawning Pool  
  17  1:17  Drone  
  17  1:21  Drone  
  18  1:32  Drone  
  19  1:42  Drone  
  20  1:51  Overlord  
  20  2:00  Queen  
  22  2:13  Drone, Metabolic Boost  
  23  2:17  Queen  
  23  2:20  Drone  
  26  2:26  Drone  
  27  2:31  Drone x2  
  29  2:39  Lair  
  29  2:43  Drone  
  30  2:57  Extractor  
  29  3:01  Drone  
  29  3:02  Drone x2  
  29  3:03  Extractor  
  29  3:04  Overlord  
  31  3:06  Drone x2  
  33  3:13  Drone x2  
  33  3:14  Drone  
  33  3:19  Extractor  
  35  3:22  Zergling x4  
  36  3:41  Spine Crawler, Drone x4  
  39  4:10  Spire  
  39  4:17  Drone, Overlord x2  
  39  4:18  Drone x4  
  39  4:19  Drone  
  44  4:43  Overlord x2  
  44  4:44  Zergling x6  
  44  4:45  Zergling x2  
  48  4:57  Zergling x2  
  48  4:58  Zergling x4, Overlord  
  51  5:20  Drone x3  
  54  5:25  Zerg Flyer Weapons Level 1, Mutalisk x3  
  54  5:26  Mutalisk x4  
  68  5:43  Infestation Pit  
  67  6:02  Mutalisk x5  
  77  6:20  Zergling x10  
  77  6:21  Zergling x4  
  84  6:34  Hive  
  84  7:03  Overlord x3  
  84  7:08  Overlord x3  
  84  7:19  Hatchery, Zerg Flyer Armor Level 1  
  84  7:21  Queen  
  73  7:46  Hydralisk Den  
  72  8:07  Overlord x3  
  72  8:15  Mutalisk x4  
  72  8:16  Mutalisk x2  
  80  8:28  Evolution Chamber  
  79  8:49  Mutalisk x5  
  79  8:50  Mutalisk x3  
  95  9:15  Grooved Spines, Zerg Missile Weapons Level 1  
  95  9:27  Adrenal Glands  
  95  9:31  Zergling x2  
  95  9:32  Zergling x10  
  101  10:05  Muscular Augments  
  101  10:09  Hatchery  
  98  10:18  Zergling x14  
  98  10:19  Zergling x2  
  104  10:28  Zergling x2  
  104  10:34  Hydralisk x2  
  109  10:54  Hydralisk x5  
Show
View Real Time Build Order
Export as new Build Order

Nyck Terran - Winner!

Build Orders: Reaper Expand 

Get SALT Encoding   

  12  0:00  SCV  
  13  0:12  SCV  
  14  0:18  Supply Depot  
  14  0:24  SCV  
  15  0:40  SCV  
  15  0:42  Barracks  
  16  0:47  Refinery  
  16  0:52  SCV  
  18  1:04  SCV  
  18  1:16  SCV  
  19  1:32  Reaper  
  20  1:38  Command Center  
  20  1:42  Orbital Command  
  20  2:03  Barracks  
  20  2:08  Barracks Reactor  
  20  2:10  SCV  
  21  2:18  Refinery  
  21  2:25  SCV  
  22  2:39  SCV  
  23  2:51  Orbital Command  
  23  2:53  SCV  
  23  2:57  Barracks Tech Lab  
  24  3:02  Reaper x2  
  26  3:09  Supply Depot  
  26  3:10  SCV  
  27  3:21  SCV  
  27  3:23  SCV  
  29  3:31  Concussive Shells  
  29  3:32  Marauder  
  29  3:33  SCV  
  32  3:34  Marine x2  
  32  3:35  SCV  
  32  3:39  Supply Depot  
  35  3:45  SCV  
  35  3:47  SCV  
  37  3:50  Command Center  
  37  3:57  SCV  
  37  3:59  SCV  
  39  4:05  Marine x2  
  39  4:07  Marauder  
  39  4:09  SCV  
  44  4:11  SCV  
  44  4:13  Combat Shield, Engineering Bay  
  45  4:22  SCV  
  45  4:24  SCV  
  47  4:28  Factory  
  49  4:31  Marine x2, Marauder  
  49  4:34  SCV  
  49  4:36  SCV  
  52  4:46  SCV  
  52  4:48  SCV  
  53  4:58  SCV  
  53  4:59  Refinery  
  54  5:02  SCV, Refinery  
  54  5:05  Orbital Command  
  55  5:10  SCV  
  55  5:11  Supply Depot  
  56  5:15  Starport  
  56  5:22  Engineering Bay  
  56  5:23  Factory Reactor  
  57  5:28  SCV x2  
  57  5:30  Engineering Bay  
  57  5:34  Supply Depot  
  58  5:43  SCV x2  
  58  5:45  Orbital Command, Marine x2  
  58  5:47  Marauder  
  58  5:48  Terran Infantry Weapons Level 1  
  64  5:51  Terran Infantry Armor Level 1  
  64  5:54  Orbital Command, Armory  
  64  5:57  Supply Depot  
  64  5:58  Supply Depot  
  58  6:08  Missile Turret  
  58  6:10  SCV x2  
  59  6:20  Supply Depot  
  59  6:22  SCV x2  
  59  6:23  Marine x3  
  64  6:28  Barracks  
  64  6:36  Starport  
  64  6:37  SCV x2  
  64  6:39  Factory Tech Lab  
  66  6:42  Supply Depot, SCV  
  66  6:46  Marine x3  
  70  6:49  SCV  
  70  6:53  Medivac x2  
  75  6:58  SCV x2  
  77  7:01  SCV  
  77  7:04  Missile Turret  
  78  7:09  Marine x3  
  78  7:10  SCV x2  
  78  7:13  SCV  
  78  7:14  Starport Reactor  
  84  7:18  Barracks Reactor  
  84  7:22  SCV x2  
  86  7:23  Barracks  
  86  7:24  Terran Vehicle And Ship Armor Level 1  
  86  7:25  Missile Turret  
  86  7:26  Supply Depot  
  86  7:31  SCV  
  86  7:34  SCV x2, Marine x2  
  86  7:35  Marine  
  92  7:42  Terran Infantry Weapons Level 2  
  92  7:43  SCV  
  93  7:45  Terran Infantry Armor Level 2  
  93  7:52  Cyclone  
  96  8:02  Marine x2  
  96  8:03  Marine x2  
  96  8:05  Marine  
  103  8:07  SCV x3  
  103  8:12  Refinery  
  106  8:14  Refinery  
  106  8:17  Command Center  
  106  8:19  SCV x3  
  110  8:20  Marine x4, Barracks Reactor  
  110  8:23  Marine  
  110  8:24  Cyclone  
  110  8:25  Viking x3  
  110  8:26  Viking  
  123  8:32  Missile Turret  
  121  8:36  SCV x3  
  123  8:48  SCV x2  
  125  9:03  Marine x4  
  125  9:04  SCV x3, Cyclone, Marine x3  
  125  9:08  Viking x3  
  125  9:09  Viking  
  146  9:16  SCV x3  
  149  9:20  Supply Depot  
  149  9:21  Marine x2  
  151  9:24  Marine x2  
  151  9:25  Marine x2  
  151  9:26  Marine  
  156  9:31  SCV  
  160  9:38  SCV  
  160  9:39  Marine x2  
  160  9:42  Supply Depot, Marine x2  
  160  9:43  Viking x3  
  160  9:44  Viking  
  173  9:46  Thor  
  173  9:48  SCV x2  
  173  9:50  Marine x2  
  180  10:03  Marine  
  180  10:04  Marine  
  180  10:05  Supply Depot, Marine x3  
  185  10:07  Marine  
  186  10:16  SCV  
  186  10:20  Orbital Command, SCV, Refinery  
  188  10:21  Refinery  
  188  10:26  Missile Turret  
  188  10:29  Marine  
  188  10:30  Marine x5  
  188  10:31  Marine  
  195  10:39  SCV  
  196  10:47  Supply Depot, Missile Turret  
  196  10:51  Command Center  
  196  11:03  SCV x2  
  196  11:09  Missile Turret  
Tags
 
Add a new tag
Caveats
  • Supply blocks, unpowered buildings, or Contaminate may cause inaccurate times.
  • Supply counts are checked every 10 seconds.